 Dungeon Crawl Stone Soup version 0.22.1-1-ga44c0e56f4 (webtiles) character file.

30 PikkenKukken the Ruffian (level 3, -1/37 HPs)
             Began as an Ogre Transmuter on Nov 1, 2018.
             Slain by an ice beast (3 damage)
             ... on level 2 of the Dungeon.
             The game lasted 00:02:13 (1081 turns).

PikkenKukken the Ruffian (Ogre Transmuter)          Turns: 1081, Time: 00:02:14

Health: -1/37      AC:  3    Str: 14    XL:     3   Next: 20%
Magic:  1/6        EV: 10    Int: 14    God:
Gold:   34         SH:  0    Dex: 10    Spells: 0/6 levels left

rFire    . . .     SeeInvis .     - Unarmed
rCold    . . .     Gourm    .   (no shield)
rNeg     . . .     Faith    .   b - +0 robe
rPois    .         Spirit   .   (helmet restricted)
rElec    .         Reflect  .   (no cloak)
rCorr    .         Harm     .   (gloves unavailable)
MR       .....                  (boots unavailable)
Stlth    +.........             (no amulet)
HPRegen  0.12/turn              (no ring)
MPRegen  0.10/turn              (no ring)

@: appendage
A: large, unfitting armour, horns 2, tough skin 1
a: End Transformation


You were on level 2 of the Dungeon.
You were hungry.
You had grown temporary horns.
You visited 1 branch of the dungeon, and saw 2 of its levels.

You collected 34 gold pieces.

Inventory:

Missiles
 a - 9 arrows
Armour
 b - a +0 robe (worn)
Jewellery
 f - a cursed -3 ring of strength {unknown}
Scrolls
 c - 3 scrolls of identify {unknown}
 h - a scroll of immolation {unknown}
 i - a scroll of teleportation {unknown}
Potions
 e - a potion of curing {unknown}
 g - a potion of lignification {unknown}
Comestibles
 d - 2 rations


   Skills:
 - Level 3.0 Fighting
 - Level 1.7 Dodging
 - Level 3.0 Unarmed Combat
 - Level 2.4 Spellcasting
 + Level 2.2 Transmutations
 + Level 0.0 Poison Magic


You couldn't memorise any spells.
You knew the following spells:

 Your Spells              Type           Power        Failure   Level  Hunger
a - Beastly Appendage     Tmut           #.....       9%          1    #......
b - Sticks to Snakes      Tmut           #.......     14%         2    ###....
c - Spider Form           Tmut/Pois      #.........   38%         3    ###....

Your spell library contained the following spells:

 Spells                   Type           Power        Failure   Level  Hunger
 Ice Form                 Ice/Tmut       #.......     82%         4    #####..
 Blade Hands              Tmut           #.........   94%         5    ######.


Dungeon Overview and Level Annotations

Branches:
Dungeon (2/15)

Altars:


Innate Abilities, Weirdness & Mutations

You are too large for most types of armour.
You have tough skin. (AC +1)
You have a pair of horns on your head.


Message History

Your ball python closely misses the ice beast.
The ice beast hits you.
* * * LOW HITPOINT WARNING * * *
The ice beast freezes you!
* * * LOW HITPOINT WARNING * * *
Your ball python bites the ice beast but does no damage.
You hit the ice beast.
The ice beast is lightly wounded.
Your ball python bites the ice beast but does no damage.
Your ball python closely misses the ice beast.
The ice beast barely misses you.
Your ball python bites the ice beast but does no damage.
Your ball python barely misses the ice beast.
Your ball python closely misses the ice beast.
Your ball python bites the ice beast.
Your ball python closely misses the ice beast.
Your ball python closely misses the ice beast.
Your ball python bites the ice beast but does no damage.
The ice beast hits you.
You die...

#######.##.#.#.#.#
........##.#+#.#.#
.......).........#
.......#.........#
.......#.........#.
.......#...........
.......#.........#
####+#####.........
#.....@########.
#....Y.'......
#...SS.#######
#......# #......#
#......# #......#
#......# #.....?#


You could see an ice beast and 2 friendly ball pythons.

Vanquished Creatures
  An adder (D:2)
  A dart slug (D:1)
  2 bats (D:1)
  3 giant cockroaches
  2 goblins (D:1)
  2 hobgoblins (D:1)
  6 kobolds
  2 rats (D:1)
19 creatures vanquished.

Notes
Turn   | Place    | Note
-------+----------+-------------------------------------------
     0 | D:1      | PikkenKukken the Ogre Transmuter began the quest for the
                  | Orb.
     0 | D:1      | Reached XP level 1. HP: 19/19 MP: 3/3
   276 | D:1      | Reached XP level 2. HP: 18/28 MP: 5/5
   280 | D:1      | Learned a level 2 spell: Sticks to Snakes
   862 | D:2      | Reached XP level 3. HP: 20/37 MP: 4/6
  1036 | D:2      | Learned a level 3 spell: Spider Form
  1060 | D:2      | Noticed an ice beast
  1081 | D:2      | Slain by an ice beast

Skill      XL: |  1  2 |
---------------+-------+-----
Fighting       | 2 3 |  3.0
Unarmed Combat | 3 |  3.0
Transmutations | 2 |  2.2
Dodging        | |  1.7
Spellcasting   | |  2.4

Action                   || total
-------------------------++-------
Melee: Unarmed           ||    81
       Headbutt          ||     1
       Kick              ||     1
 Cast: Beastly Appendage ||     8
       Sticks to Snakes  ||     3
Armor: Robe              ||    18
Dodge: Dodged            ||    49
